 Dungeon Crawl Stone Soup version 0.30.1-9-gdf580d7c3d (webtiles) character file.

Game seed: 2551116118394022277

1073 safid the Chiller (level 8, 0/64 HPs)
             Began as a Merfolk Ice Elementalist on Sept 27, 2023.
             Was an Initiate of Vehumet.
             Slain by a phantom (7 damage)
             ... on level 4 of the Dungeon.
             The game lasted 00:06:37 (4717 turns).

safid the Chiller (Merfolk Ice Elementalist)        Turns: 4717, Time: 00:06:38

Health: 0/64       AC:  3    Str:  8    XL:     8   Next: 28%
Magic:  13/15      EV: 13    Int: 17    God:    Vehumet [......]
Gold:   264        SH:  0    Dex: 14    Spells: 10/17 levels left

rFire   . . .        q - +2 short sword (venom)
rCold   . . .        (no shield)
rNeg    + . .        a - +0 robe
rPois   .            (no helmet)
rElec   .            (no cloak)
rCorr   .            (no gloves)
SInv    .            f - +0 pair of boots
Will    .....        (no amulet)
Stlth   ++           l - ring of positive energy
HPRegen 0.30/turn    (no ring)
MPRegen 0.14/turn

%: no passive effects
@: mighty, attractive
A: (nimble swimmer 2), mertail
a: Renounce Religion


You were on level 4 of the Dungeon.
You worshipped Vehumet.
Vehumet was noncommittal.
You visited 1 branch of the dungeon, and saw 5 of its levels.

You collected 264 gold pieces.

Inventory:

Hand Weapons
 q - a +2 short sword of venom (weapon)
Armour
 a - a +0 robe (worn)
 f - a +0 pair of boots (worn)
Jewellery
 l - a ring of positive energy (left hand)
Wands
 u - a wand of flame (30)
Scrolls
 d - a scroll of fog {unknown}
 e - 4 scrolls of vulnerability
 i - 6 scrolls of identify
 m - 3 scrolls of poison
 n - 2 scrolls of teleportation {unknown}
 o - 2 scrolls of butterflies
 r - a scroll of blinking {unknown}
Potions
 b - 4 potions of magic
 h - a potion of haste {unknown}
 j - 2 potions of brilliance
 p - 2 potions of flight
 s - a potion of curing {unknown}
 t - a potion of degeneration {unknown}


   Skills:
 + Level 5.6 Fighting
 + Level 3.4 Dodging
 - Level 2.1 Stealth
 + Level 5.2 Spellcasting
 + Level 7.4 Ice Magic


You had 10 spell levels left.
You knew the following spells:

 Your Spells              Type           Power      Damage    Failure   Level
a - Freeze                Ice            100%       1d10      1%          1
b - Frozen Ramparts       Ice            58%        1d9       1%          3
c - Ozocubu's Armour      Ice            29%        N/A       1%          3

Your spell library contained the following spells:

 Spells                   Type           Power      Damage    Failure   Level
 Slow                     Hex            16%        N/A       14%         1
 Cigotuvi's Dreadful Rot  Necr/Pois/Air  8%         N/A       22%         2
 Summon Ice Beast         Ice/Summ       17%        N/A       30%         4
 Confusing Touch          Hex            4%         N/A       38%         3
 Vampiric Draining        Necr           4%         2d6       38%         3
 Dispel Undead            Necr           4%         3d7       80%         4
 Summon Lightning Spire   Summ/Air       4%         N/A       80%         4
 Death Channel            Necr           2%         N/A       100%        6
 Storm Form               Tmut/Air       2%         N/A       100%        7
 Maxwell's Capacitive Co  Air            2%         ∞         100%        8


Dungeon Overview and Level Annotations

Branches:
Dungeon (5/15)
 Temple: D:4-7

Altars:
Fedhas
Sif Muna
Vehumet
Xom

Shops:
D:3 (


Innate Abilities, Weirdness & Mutations

((You are very nimble when in or above water. (Stealth+, EV+, Speed+++)))
Your lower body shifts to a powerful aquatic tail in water.


Message History

You hit the phantom.
The phantom is moderately damaged.
The phantom closely misses you.
You hit the phantom.
The phantom is moderately damaged.
The phantom hits you.
You barely miss the phantom.
The phantom is moderately damaged.
The phantom completely misses you.
You barely miss the phantom.
The phantom is moderately damaged.
The phantom barely misses you.
You hit the phantom.
The phantom is moderately damaged.
The phantom barely misses you.
You hit the phantom but do no damage. Your punch misses the phantom.
The phantom is moderately damaged.
The phantom hits you.
* * * LOW HITPOINT WARNING * * *
The phantom blinks!
You blink.
You hit the phantom.
The phantom is heavily damaged.
The phantom hits you.
* * * LOW HITPOINT WARNING * * *
You hit the phantom.
The phantom is heavily damaged.
The phantom hits you.
* * * LOW HITPOINT WARNING * * *
You barely miss the phantom.
The phantom is heavily damaged.
The phantom barely misses you.
You hit the phantom.
The phantom is heavily damaged.
The phantom hits you.
* * * LOW HITPOINT WARNING * * *
The phantom blinks!
You blink.
It was a potion of might.
You feel very mighty all of a sudden. The phantom hits you!
You die...

####### #.....###########
#.....#.........#
#######.....#..W@.....###########
......'.................>.[......
#######.....#...§.....##)########
#############.........##.#
...........#############.########
...........##.........##.##......
....................#.##.##(#####
##########..........#.##.##†# ##
#..........#.##.##.#


You could see a phantom.

Vanquished Creatures
  Pikel (D:4)
  A lemure (D:4)
  2 phantoms
  A scorpion (D:4)
  2 crimson imps (D:5)
  2 orc priests (D:4)
  An iguana (D:4)
  3 orc wizards (D:4)
  5 gnolls
  5 adders
  3 worms (D:4)
  2 dart slugs
  11 orcs
  4 endoplasms
  6 giant cockroaches
  8 goblins
  10 hobgoblins
  7 jackals
  7 quokkas
  4 ball pythons
  4 bats
  6 kobolds
  4 rats
99 creatures vanquished.

Notes
Turn   | Place    | Note
-------+----------+-------------------------------------------
     0 | D:1      | safid the Merfolk Ice Elementalist began the quest for the
                  | Orb.
     0 | D:1      | Reached XP level 1. HP: 13/13 MP: 3/3
   265 | D:1      | Reached XP level 2. HP: 20/20 MP: 1/5
   384 | D:1      | Reached skill level 1 in Fighting
   681 | D:1      | Reached XP level 3. HP: 26/26 MP: 6/6
  1183 | D:2      | Found a blossoming altar of Fedhas.
  1392 | D:2      | Found a faded altar of an unknown god.
  1839 | D:3      | Learned a level 3 spell: Frozen Ramparts
  1843 | D:3      | Learned a level 3 spell: Ozocubu's Armour
  1889 | D:3      | Reached skill level 5 in Ice Magic
  1889 | D:3      | Reached XP level 4. HP: 33/33 MP: 6/8
  2357 | D:3      | Found Didiess's Antique Weapon Emporium.
  2859 | D:4      | Reached XP level 5. HP: 36/39 MP: 9/9
  2946 | D:4      | Reached XP level 6. HP: 27/47 MP: 1/11
  3063 | D:4      | Reached skill level 6 in Ice Magic
  3288 | D:4      | Noticed Pikel
  3297 | D:4      | Killed Pikel
  3298 | D:4      | Reached skill level 5 in Fighting
  3298 | D:4      | Reached XP level 7. HP: 12/56 MP: 1/14
  3701 | D:4      | Reached skill level 7 in Ice Magic
  3897 | D:4      | Found a radiant altar of Vehumet.
  3898 | D:4      | Found a shimmering blue altar of Sif Muna.
  3904 | D:4      | Became a worshipper of Vehumet
  3987 | D:4      | Reached XP level 8. HP: 58/62 MP: 15/15
  4244 | D:5      | Entered Level 5 of the Dungeon
  4256 | D:5      | Reached skill level 5 in Spellcasting
  4398 | D:5      | Found a shimmering altar of Xom.
  4480 | D:5      | Identified the +3 hand axe of Dithmenos's Vengeance
                  | {protect, rC- Int+7}
  4717 | D:4      | Slain by a phantom

Illustrated notes

Levels and vault maps discovered:
D:1:      dpeg_arrival_tiny_b, layout_basic, minivault_14,
          kennysheep_another_room, patterned_corridor
D:2:      layout_loops_ring, basic_altar,
          dreamdust_ecumenical_altar_angels_and_demons, hangedman_glass_teeth
D:3:      layout_basic, serial_shops,
          nicolae_shop_temple_entry_statues_fountains
D:4:      layout_basic, nicolae_overflow_two_pavilions, uniq_pikel
D:5:      layout_basic, led_xom_imps, minmay_temple_entry_grid,
          nicolae_shop_overcharged_wands, uniq_sigmund

Skill      XL: |  1  2  3  4  5  6  7  8 |
---------------+-------------------------+-----
Fighting       | 1 2 3 5 |  5.6
Ice Magic      | 5 6 7 |  7.4
Spellcasting   | 3 4 5 |  5.2
Dodging        | 3 |  3.4
Stealth        | |  2.1

Action                     |  1- 3 |  4- 6 |  7- 9 || total
---------------------------+-------+-------+-------++-------
  Melee: Spear             |   136 |       |       ||   136
         Unarmed           |     1 |       |       ||     1
         Falchion          |     5 |    15 |       ||    20
         Short sword       |       |    66 |   123 ||   189
         Punch             |       |     1 |     5 ||     6
   Cast: Freeze            |     9 |     6 |     3 ||    18
         Frozen Ramparts   |       |     6 |     3 ||     9
         Ozocubu's Armour  |       |     2 |     2 ||     4
    Use: Scroll            |       |     5 |       ||     5
         Potion            |       |       |     3 ||     3
   Stab: Sleeping          |     4 |     4 |     1 ||     9
         Distracted        |       |       |     2 ||     2
 Armour: Robe              |    28 |    11 |    21 ||    60
  Dodge: Dodged            |    88 |    44 |    89 ||   221
